IL
LOUISVILLE BATS @ ALBUQUERQUE ISOTOPES
04/20/2047
 
TOP OF THE 1ST
Louisville Bats batting - Pitching for Albuquerque Isotopes : RHP Alberto Pickett
Pitching: RHP Alberto Pickett
Batting: SHB Bryan Johnston 0-0: Bunted foul
0-1: Ball
1-1: Ball
2-1: Foul Ball, location: 2F
2-2: Ball
3-2: Foul Ball, location: 2F
3-2: Base on Balls
Batting: SHB Greg Prime 0-0: Called Strike
0-1: Fielders Choice at 2nd, 4-6 (Groundball, 4, EV 88.1 MPH)
Batting: LHB Fabiano Perrolas 0-0: Called Strike
0-1: SINGLE (Groundball, 34S, EV 63.1 MPH) (infield hit)
Greg Prime to second
Batting: RHB Chase Briney 0-0: Called Strike
0-1: Ball
1-1: Called Strike
1-2: Foul Ball, location: 2F
1-2: Strikes out looking
Batting: LHB Jake Bill 0-0: Called Strike
0-1: Ball
1-1: Ball
2-1: Ball
3-1: Foul Ball, location: 2F
3-2: Foul Ball, location: 2F
3-2: SINGLE (Line Drive, 6D, EV 94.4 MPH)
Greg Prime to third
Fabiano Perrolas to second
Greg Prime scores
Fabiano Perrolas to third
Batting: RHB Colin Lord 0-0: Foul Ball, location: 2F
0-1: Ball
1-1: Foul Ball, location: 2F
1-2: Foul Ball, location: 2F
1-2: Strikes out looking
Top of the 1st over - 1 run, 2 hits, 0 errors, 2 left on base; Louisville 1 - Albuquerque 0
BOTTOM OF THE 1ST
Albuquerque Isotopes batting - Pitching for Louisville Bats : RHP Roberto Cortez
Pitching: RHP Roberto Cortez
Batting: RHB Nick Cummings 0-0: Foul Ball, location: 2F
0-1: Swinging Strike
0-2: DOUBLE (Line Drive, 7LM, EV 97.5 MPH)
Batting: LHB Gabe Harvey 0-0: Foul Ball, location: 2F
0-1: Ball
1-1: Ball
2-1: Swinging Strike
2-2: DOUBLE (Flyball, 7LD, EV 101.9 MPH)
Nick Cummings scores
Batting: LHB Adam Hill 0-0: Called Strike
0-1: Ball
1-1: Called Strike
1-2: Ball
2-2: Foul Ball, location: 2F
2-2: Ball
3-2: Base on Balls
Batting: SHB Mike Williams 0-0: Ball
1-0: Ball
2-0: Called Strike
2-1: Called Strike
2-2: Ball
3-2: Strikes out swinging
Batting: LHB Pablo Cardona 0-0: Ball
1-0: Foul Ball, location: 2F
1-1: DOUBLE (Groundball, 3L, EV 105.6 MPH)
Gabe Harvey scores
Adam Hill to third
Batting: SHB Mitchell Greene 0-0: Ball
1-0: Ball
2-0: Ball
3-0: Base on Balls
Batting: RHB Joe LaDue 0-0: Ball
1-0: Called Strike
1-1: Ball
2-1: Ball
3-1: Ground out 5-3 (Groundball, 56S, EV 63.8 MPH)
Adam Hill scores
Pablo Cardona to third
Mitchell Greene to second
Batting: RHB Mike Ball 0-0: Swinging Strike
0-1: Ball
1-1: Ball
2-1: Called Strike
2-2: SINGLE (Groundball, 4MS, EV 69.4 MPH) (infield hit)
Pablo Cardona scores
Mitchell Greene to third
Batting: RHB Bobby Heagle 0-0: Ball
1-0: Ball
2-0: Ball
3-0: Called Strike
3-1: Base on Balls
Mike Ball to second
Batting: RHB Nick Cummings 0-0: Ball
1-0: Foul Ball, location: 2F
1-1: Foul Ball, location: 2F
1-2: Foul Ball, location: 2F
1-2: Ball
2-2: Ball
3-2: SINGLE (Groundball, 56D, EV 105.6 MPH)
Mitchell Greene scores
Mike Ball to third
Bobby Heagle to second
Mike Ball scores
Bobby Heagle to third
Pitching: RHP Joaquin Villalobos
Batting: LHB Gabe Harvey 0-0: Ball
1-0: Fly out, F7 (Flyball, 7D, EV 83.1 MPH)
Bottom of the 1st over - 6 runs, 5 hits, 0 errors, 2 left on base; Louisville 1 - Albuquerque 6
TOP OF THE 2ND
Louisville Bats batting - Pitching for Albuquerque Isotopes : RHP Alberto Pickett
Batting: RHB Ryan Short 0-0: Foul Ball, location: 2F
0-1: Called Strike
0-2: Ball
1-2: Ball
2-2: Ground out 5-3 (Groundball, 56, EV 91.2 MPH)
Batting: LHB Brian Snyder 0-0: Ball
1-0: Foul Ball, location: 2F
1-1: Foul Ball, location: 2F
1-2: Ball
2-2: Ball
3-2: Strikes out looking
Batting: LHB Akira Yamano 0-0: Ball
1-0: Ground out U3 (Groundball, 3, EV 83.8 MPH)
Top of the 2nd over - 0 runs, 0 hits, 0 errors, 0 left on base; Louisville 1 - Albuquerque 6
BOTTOM OF THE 2ND
Albuquerque Isotopes batting - Pitching for Louisville Bats : RHP Joaquin Villalobos
Batting: LHB Adam Hill 0-0: Ground out 2-3 (Groundball, 2L, EV 68.1 MPH)
Batting: SHB Mike Williams 0-0: Ball
1-0: Called Strike
1-1: Ground out 4-3 (Groundball, 4, EV 86.2 MPH)
Batting: LHB Pablo Cardona 0-0: Foul Ball, location: 2F
0-1: Foul Ball, location: 2F
0-2: Foul Ball, location: 2F
0-2: Ball
1-2: Fly out, F9 (Line Drive, 9S, EV 100.0 MPH)
Bottom of the 2nd over - 0 runs, 0 hits, 0 errors, 0 left on base; Louisville 1 - Albuquerque 6
TOP OF THE 3RD
Louisville Bats batting - Pitching for Albuquerque Isotopes : RHP Alberto Pickett
Batting: SHB Bryan Johnston 0-0: Ball
1-0: Fly out, F5 (Popup, 56S, EV 90.0 MPH)
Batting: SHB Greg Prime 0-0: Ball
1-0: SOLO HOME RUN (Flyball, 9D, EV 102.5 MPH), Distance : 404 ft
Batting: LHB Fabiano Perrolas 0-0: Ball
1-0: Ball
2-0: Foul Ball, location: 2F
2-1: Ball
3-1: Called Strike
3-2: Fly out, F8 (Flyball, 8LD, EV 90.6 MPH)
Batting: RHB Chase Briney 0-0: Ball
1-0: Foul Ball, location: 2F
1-1: Swinging Strike
1-2: Foul Ball, location: 2F
1-2: Strikes out looking
Top of the 3rd over - 1 run, 1 hit, 0 errors, 0 left on base; Louisville 2 - Albuquerque 6
BOTTOM OF THE 3RD
Albuquerque Isotopes batting - Pitching for Louisville Bats : RHP Joaquin Villalobos
Batting: SHB Mitchell Greene 0-0: Ball
1-0: Foul Ball, location: 2F
1-1: Foul Ball, location: 2F
1-2: Ground out U3 (Groundball, 3, EV 105.6 MPH)
Batting: RHB Joe LaDue 0-0: Ball
1-0: Ball
2-0: Ball
3-0: Called Strike
3-1: Foul Ball, location: 2F
3-2: Strikes out swinging
Batting: RHB Mike Ball 0-0: Called Strike
0-1: Ball
1-1: Ball
2-1: Foul Ball, location: 2F
2-2: Foul Ball, location: 2F
2-2: Ball
3-2: Foul Ball, location: 2F
3-2: Base on Balls
Batting: RHB Bobby Heagle 0-0: Called Strike
0-1: Ball
1-1: Foul Ball, location: 2F
1-2: Fielders Choice at 2nd, 6-4 (Groundball, 6, EV 104.4 MPH)
Bottom of the 3rd over - 0 runs, 0 hits, 0 errors, 1 left on base; Louisville 2 - Albuquerque 6
TOP OF THE 4TH
Louisville Bats batting - Pitching for Albuquerque Isotopes : RHP Alberto Pickett
Batting: LHB Jake Bill 0-0: Ball
1-0: Foul Ball, location: 2F
1-1: SINGLE (Flyball, 4D, EV 83.1 MPH)
Batting: RHB Colin Lord 0-0: Called Strike
0-1: SINGLE (Flyball, 8RS, EV 90.6 MPH)
Jake Bill to second
Batting: RHB Ryan Short 0-0: Called Strike
0-1: Ball
1-1: Ball
2-1: Ball
3-1: Fly out, F6 (Line Drive, 6, EV 76.2 MPH)
Lined into DP, 6-4 (Line Drive, 6, EV 76.2 MPH)
Batting: LHB Brian Snyder 0-0: Ball
1-0: Called Strike
1-1: Foul Ball, location: 2F
1-2: Foul Ball, location: 2F
1-2: Strikes out looking
Top of the 4th over - 0 runs, 2 hits, 0 errors, 1 left on base; Louisville 2 - Albuquerque 6
BOTTOM OF THE 4TH
Albuquerque Isotopes batting - Pitching for Louisville Bats : RHP Joaquin Villalobos
Batting: RHB Nick Cummings 0-0: Called Strike
0-1: Called Strike
0-2: Strikes out swinging
Batting: LHB Gabe Harvey 0-0: Ball
1-0: Fly out, F7 (Flyball, 7, EV 89.4 MPH)
Batting: LHB Adam Hill 0-0: Foul Ball, location: 2F
0-1: Foul Ball, location: 2F
0-2: Ball
1-2: Ball
2-2: Foul Ball, location: 2F
2-2: SINGLE (Groundball, 56S, EV 68.1 MPH) (infield hit)
Batting: SHB Mike Williams 0-0: Called Strike
0-1: SINGLE (Groundball, 3S, EV 75.0 MPH) (infield hit)
Adam Hill to second
Pitching: RHP Omar Vinson
Batting: LHB Pablo Cardona 0-0: Called Strike
0-1: Ball
Wild Pitch!
Adam Hill to third
Mike Williams to second
1-1: Foul Ball, location: 2F
1-2: Ball
2-2: Fly out, F2 (Popup, 3SF, EV 88.1 MPH)
Bottom of the 4th over - 0 runs, 2 hits, 0 errors, 2 left on base; Louisville 2 - Albuquerque 6
TOP OF THE 5TH
Louisville Bats batting - Pitching for Albuquerque Isotopes : RHP Alberto Pickett
Batting: LHB Akira Yamano 0-0: Ball
1-0: Foul Ball, location: 2F
1-1: Foul Ball, location: 2F
1-2: Foul Ball, location: 2F
1-2: Foul Ball, location: 2F
1-2: Ball
2-2: Hit by Pitch
Batting: SHB Bryan Johnston 0-0: Ball
1-0: Ball
2-0: Foul Ball, location: 2F
2-1: Ball
3-1: Swinging Strike
3-2: Reached on error, E6 (Groundball, P, EV 87.5 MPH)
Akira Yamano to second
Batting: SHB Greg Prime 0-0: Ball
1-0: Foul Ball, location: 2F
1-1: Grounds into double play, 4-6-3 (Groundball, 34, EV 108.1 MPH)
Akira Yamano to third
Batting: LHB Fabiano Perrolas 0-0: Fly out, F7 (Flyball, 78S, EV 85.0 MPH)
Top of the 5th over - 0 runs, 0 hits, 1 error, 1 left on base; Louisville 2 - Albuquerque 6
BOTTOM OF THE 5TH
Albuquerque Isotopes batting - Pitching for Louisville Bats : RHP Omar Vinson
Batting: SHB Mitchell Greene 0-0: Called Strike
0-1: Called Strike
0-2: Foul Ball, location: 2F
0-2: Ball
1-2: Foul Ball, location: 2F
1-2: Ball
2-2: Foul Ball, location: 2F
2-2: Ball
3-2: Base on Balls
Batting: RHB Joe LaDue 0-0: Ball
1-0: Swinging Strike
1-1: Called Strike
1-2: Fielders Choice at 2nd, 1-4 (Groundball, 15, EV 65.6 MPH)
Batting: RHB Mike Ball 0-0: Ball
1-0: Fielders Choice at 2nd, 4-6 (Groundball, 34, EV 111.2 MPH)
Batting: RHB Bobby Heagle 0-0: Called Strike
Mike Ball is caught stealing 2nd base 2-4
Bottom of the 5th over - 0 runs, 0 hits, 0 errors, 0 left on base; Louisville 2 - Albuquerque 6
TOP OF THE 6TH
Louisville Bats batting - Pitching for Albuquerque Isotopes : RHP Alberto Pickett
Batting: RHB Chase Briney 0-0: Called Strike
0-1: Foul Ball, location: 2F
0-2: Ball
1-2: Fly out, F9 (Flyball, 9D, EV 88.1 MPH)
Batting: LHB Jake Bill 0-0: Ball
1-0: Ground out 4-3 (Groundball, 4M, EV 83.1 MPH)
Batting: RHB Colin Lord 0-0: Ball
1-0: Ball
2-0: Foul Ball, location: 2F
2-1: Ball
3-1: SINGLE (Flyball, 6D, EV 85.0 MPH)
Pitching: LHP Jamie Blake
Batting: RHB Ryan Short 0-0: Fly out, F9 (Flyball, 89M, EV 88.1 MPH)
Top of the 6th over - 0 runs, 1 hit, 0 errors, 1 left on base; Louisville 2 - Albuquerque 6
BOTTOM OF THE 6TH
Albuquerque Isotopes batting - Pitching for Louisville Bats : RHP Omar Vinson
Batting: RHB Bobby Heagle 0-0: Ball
1-0: Foul Ball, location: 2F
1-1: Ball
2-1: Foul Ball, location: 2F
2-2: SINGLE (Line Drive, 34, EV 95.6 MPH)
Batting: RHB Nick Cummings 0-0: Ball
1-0: Ball
2-0: Foul Ball, location: 2F
2-1: Foul Ball, location: 2F
2-2: Ball
3-2: Base on Balls
Bobby Heagle to second
Batting: LHB Gabe Harvey 0-0: Hit by Pitch
Bobby Heagle to third
Nick Cummings to second
Batting: LHB Adam Hill 0-0: Called Strike
0-1: Foul Ball, location: 2F
0-2: GRAND SLAM HOME RUN (Flyball, 78XD, EV 111.9 MPH), Distance : 416 ft
Batting: SHB Mike Williams 0-0: Ball
1-0: Ball
2-0: Fly out, F4 (Line Drive, 4M, EV 70.6 MPH)
Batting: LHB Pablo Cardona 0-0: Ball
1-0: Foul Ball, location: 2F
1-1: Ball
2-1: Ground out 4-3 (Groundball, 34, EV 88.8 MPH)
Pitching: LHP Logan Moultry
Batting: SHB Mitchell Greene 0-0: Called Strike
0-1: Called Strike
0-2: Fly out, F9 (Flyball, 9LD, EV 105.6 MPH)
Bottom of the 6th over - 4 runs, 2 hits, 0 errors, 0 left on base; Louisville 2 - Albuquerque 10
TOP OF THE 7TH
Louisville Bats batting - Pitching for Albuquerque Isotopes : LHP Jamie Blake
Batting: LHB Brian Snyder 0-0: Swinging Strike
0-1: Ball
1-1: Ball
2-1: Called Strike
2-2: Foul Ball, location: 2F
2-2: Ball
3-2: Foul Ball, location: 2F
3-2: Strikes out swinging
Batting: LHB Akira Yamano 0-0: Called Strike
0-1: Called Strike
0-2: Ball
1-2: Ball
2-2: Strikes out swinging
Batting: SHB Bryan Johnston 0-0: Called Strike
0-1: Ball
1-1: Called Strike
1-2: Ball
2-2: Strikes out swinging
Top of the 7th over - 0 runs, 0 hits, 0 errors, 0 left on base; Louisville 2 - Albuquerque 10
BOTTOM OF THE 7TH
Albuquerque Isotopes batting - Pitching for Louisville Bats : LHP Logan Moultry
Batting: RHB Joe LaDue 0-0: Called Strike
0-1: Foul Ball, location: 2F
0-2: Strikes out looking
Pinch Hitting: RHB Brian Landrum 0-0: Ground out 5-3 (Groundball, 56S, EV 69.4 MPH)
Batting: RHB Bobby Heagle 0-0: Ball
1-0: Foul Ball, location: 2F
1-1: Fly out, F8 (Flyball, 8RD, EV 89.4 MPH)
Bottom of the 7th over - 0 runs, 0 hits, 0 errors, 0 left on base; Louisville 2 - Albuquerque 10
TOP OF THE 8TH
Louisville Bats batting - Pitching for Albuquerque Isotopes : LHP Jamie Blake
Now at 2B: Brian Landrum
Now at 3B: Bobby Heagle
Batting: SHB Greg Prime 0-0: Ball
1-0: Ball
2-0: Ball
3-0: Base on Balls
Batting: LHB Fabiano Perrolas 0-0: Called Strike
0-1: Ball
1-1: Fly out, F7 (Flyball, 78M, EV 83.8 MPH)
Pinch Hitting: LHB Satoru Handa 0-0: Fly out, F8 (Flyball, 8LS, EV 87.5 MPH)
Batting: RHB Bruno André 0-0: Foul Ball, location: 2F
0-1: Called Strike
0-2: Ball
1-2: Foul Ball, location: 2F
1-2: Ball
2-2: Ball
3-2: Foul Ball, location: 2F
3-2: Base on Balls
Greg Prime to second
Batting: RHB Colin Lord 0-0: Ball
1-0: Called Strike
1-1: Swinging Strike
1-2: Foul Ball, location: 2F
1-2: Strikes out looking
Top of the 8th over - 0 runs, 0 hits, 0 errors, 2 left on base; Louisville 2 - Albuquerque 10
BOTTOM OF THE 8TH
Albuquerque Isotopes batting - Pitching for Louisville Bats : LHP Logan Moultry
Now in RF: Satoru Handa
Batting: RHB Nick Cummings 0-0: Called Strike
0-1: Swinging Strike
0-2: Ball
1-2: Ground out 6-3 (Groundball, 6, EV 86.2 MPH)
Batting: LHB Gabe Harvey 0-0: SINGLE (Flyball, 5D, EV 90.6 MPH)
Batting: LHB Adam Hill 0-0: Ball
1-0: Grounds into double play, 5-4-3 (Groundball, 5S, EV 91.9 MPH)
Bottom of the 8th over - 0 runs, 1 hit, 0 errors, 0 left on base; Louisville 2 - Albuquerque 10
TOP OF THE 9TH
Louisville Bats batting - Pitching for Albuquerque Isotopes : LHP Jamie Blake
Pitching: LHP Drew Huckeba
Batting: RHB Ryan Short 0-0: Called Strike
0-1: Called Strike
0-2: Foul Ball, location: 2F
0-2: Ball
1-2: Strikes out looking
Batting: LHB Brian Snyder 0-0: SINGLE (Flyball, 6D, EV 90.6 MPH)
Pinch Hitting: LHB Randy Racine 0-0: Ball
1-0: Foul Ball, location: 2F
1-1: SINGLE (Line Drive, 8RS, EV 92.5 MPH)
Brian Snyder to second
Batting: SHB Bryan Johnston 0-0: Grounds into double play, 5-4-3 (Groundball, 56, EV 96.9 MPH)
Top of the 9th over - 0 runs, 2 hits, 0 errors, 1 left on base; Louisville 2 - Albuquerque 10
Thursday, December 15th , 2022 - OOTP Baseball 23.9 Build 102